PBL
SAN DIEGO PADRES @ ATLANTA BRAVES
07/22/2071
 
TOP OF THE 1ST
San Diego Padres batting - Pitching for Atlanta Braves : RHP César Muñóz
Pitching: RHP César Muñóz
Batting: RHB António González 0-0: Ball
1-0: Called Strike
1-1: SINGLE (Groundball, 34D, EV 90.6 MPH) (infield hit)
Batting: RHB Jonathan Roehl 0-0: Called Strike
0-1: Swinging Strike
0-2: Strikes out looking
Batting: LHB Raúl Valenzuela 0-0: Grounds into double play, 4-6-3 (Groundball, 4, EV 108.8 MPH)
Top of the 1st over - 0 runs, 1 hit, 0 errors, 0 left on base; San Diego 0 - Atlanta 0
BOTTOM OF THE 1ST
Atlanta Braves batting - Pitching for San Diego Padres : LHP Chae-seong Yi
Pitching: LHP Chae-seong Yi
Batting: SHB Ramón Salinas 0-0: Called Strike
0-1: Swinging Strike
0-2: Ball
1-2: Foul Ball, location: 5FF
1-2: Strikes out swinging
Batting: RHB Murai Kimura 0-0: Ground out 6-3 (Groundball, 6D, EV 105.6 MPH)
Batting: RHB David Miller 0-0: Fly out, F9 (Line Drive, 9D, EV 98.8 MPH)
Bottom of the 1st over - 0 runs, 0 hits, 0 errors, 0 left on base; San Diego 0 - Atlanta 0
TOP OF THE 2ND
San Diego Padres batting - Pitching for Atlanta Braves : RHP César Muñóz
Batting: RHB Jorge Gonzáles 0-0: Ball
1-0: Ball
2-0: Foul Ball, location: 23F
2-1: Foul Ball, location: 5F
2-2: Foul Ball, location: 2F
2-2: Foul Ball, location: 2RF
2-2: Foul Ball, location: 3FF
2-2: Strikes out swinging
Batting: LHB Wook-jin Ki 0-0: Ball
1-0: Called Strike
1-1: Swinging Strike
1-2: Ball
2-2: Foul Ball, location: 2F
2-2: Strikes out swinging
Batting: RHB Carlos Núñez 0-0: SINGLE (Groundball, 34D, EV 110.6 MPH)
Batting: RHB Marvin Stewart 0-0: Ball
1-0: Foul Ball, location: 3DF
1-1: Foul Ball, location: 23FF
1-2: Ball
2-2: Ball
3-2: SINGLE (Line Drive, 9LS, EV 90.6 MPH)
Carlos Núñez to second
Carlos Núñez to third
Batting: RHB Salvador Reyes 0-0: Called Strike
0-1: Called Strike
0-2: Ball
1-2: Foul Ball, location: 2F
1-2: Strikes out swinging, 2-3 out at first.
Top of the 2nd over - 0 runs, 2 hits, 0 errors, 2 left on base; San Diego 0 - Atlanta 0
BOTTOM OF THE 2ND
Atlanta Braves batting - Pitching for San Diego Padres : LHP Chae-seong Yi
Batting: RHB Vince Gielens 0-0: Fly out, F7 (Line Drive, 7, EV 92.5 MPH)
Batting: RHB Ray Boyer 0-0: Ball
1-0: Swinging Strike
1-1: Ball
2-1: Swinging Strike
2-2: Ball
3-2: Foul Ball, location: 9LMF
3-2: Fly out, F8 (Line Drive, 78M, EV 95.6 MPH)
Batting: RHB Ronald Baldwin 0-0: Called Strike
0-1: Called Strike
0-2: Foul Ball, location: 9LMF
0-2: Foul Ball, location: 25FF
0-2: Ball
1-2: Ball
2-2: SOLO HOME RUN (Line Drive, 9LD, EV 98.1 MPH), Distance : 342 ft
Batting: LHB Roberto Snyder 0-0: Called Strike
0-1: Ball
1-1: Foul Ball, location: 2F
1-2: SINGLE (Flyball, 78S, EV 90.0 MPH)
Batting: RHB Tyrone Evans 0-0: Called Strike
0-1: Ball
1-1: Called Strike
1-2: Fly out, F8 (Flyball, 8RD, EV 95.0 MPH)
Bottom of the 2nd over - 1 run, 2 hits, 0 errors, 1 left on base; San Diego 0 - Atlanta 1
TOP OF THE 3RD
San Diego Padres batting - Pitching for Atlanta Braves : RHP César Muñóz
Batting: RHB Dave Ein 0-0: Ball
1-0: Swinging Strike
1-1: Called Strike
1-2: Ball
2-2: Fly out, F4 (Popup, 3D, EV 51.3 MPH)
Batting: RHB António González 0-0: Ball
1-0: Foul Ball, location: 2F
1-1: Foul Ball, location: 2F
1-2: Ball
2-2: Foul Ball, location: 9LMF
2-2: Ball
3-2: Strikes out swinging
Batting: RHB Jonathan Roehl 0-0: Called Strike
0-1: Ball
1-1: Called Strike
1-2: Strikes out swinging
Top of the 3rd over - 0 runs, 0 hits, 0 errors, 0 left on base; San Diego 0 - Atlanta 1
BOTTOM OF THE 3RD
Atlanta Braves batting - Pitching for San Diego Padres : LHP Chae-seong Yi
Batting: RHB Francisco Vega 0-0: Ball
1-0: Foul Ball, location: 5DF
1-1: Swinging Strike
1-2: Strikes out swinging
Batting: SHB Ramón Salinas 0-0: Foul Ball, location: 2F
0-1: Ball
1-1: Foul Ball, location: 5SF
1-2: Fly out, F7 (Flyball, 7D, EV 91.3 MPH)
Batting: RHB Murai Kimura 0-0: Called Strike
0-1: Ball
1-1: Ball
2-1: Fly out, F9 (Flyball, 9S, EV 98.1 MPH)
Bottom of the 3rd over - 0 runs, 0 hits, 0 errors, 0 left on base; San Diego 0 - Atlanta 1
TOP OF THE 4TH
San Diego Padres batting - Pitching for Atlanta Braves : RHP César Muñóz
Batting: LHB Raúl Valenzuela 0-0: Ball
1-0: Foul Ball, location: 23F
1-1: Swinging Strike
1-2: Ball
2-2: Reached on error, E6 (Groundball, 4M, EV 86.9 MPH)
Batting: RHB Jorge Gonzáles 0-0: Fly out, F8 (Flyball, 8RM, EV 90.6 MPH)
Batting: LHB Wook-jin Ki 0-0: Called Strike
0-1: Foul Ball, location: 3FF
0-2: Ball
1-2: DOUBLE (Line Drive, 78XD, EV 106.3 MPH)
Raúl Valenzuela scores
Batting: RHB Carlos Núñez 0-0: Called Strike
0-1: Called Strike
0-2: Strikes out looking
Batting: RHB Marvin Stewart 0-0: Ball
1-0: Foul Ball, location: 2F
1-1: Ball
2-1: Ground out 6-3 (Groundball, 6, EV 90.6 MPH)
Top of the 4th over - 1 run, 1 hit, 1 error, 1 left on base; San Diego 1 - Atlanta 1
BOTTOM OF THE 4TH
Atlanta Braves batting - Pitching for San Diego Padres : LHP Chae-seong Yi
Batting: RHB David Miller 0-0: Called Strike
0-1: Ball
1-1: Called Strike
1-2: Strikes out swinging, 2-3 out at first.
Batting: RHB Vince Gielens 0-0: Called Strike
0-1: Foul Ball, location: 23FF
0-2: Fly out, F9 (Flyball, 89M, EV 95.0 MPH)
Batting: RHB Ray Boyer 0-0: Ball
1-0: Fly out, F2 (Popup, 23F, EV 90.6 MPH)
Bottom of the 4th over - 0 runs, 0 hits, 0 errors, 0 left on base; San Diego 1 - Atlanta 1
TOP OF THE 5TH
San Diego Padres batting - Pitching for Atlanta Braves : RHP César Muñóz
Batting: RHB Salvador Reyes 0-0: Called Strike
0-1: Foul Ball, location: 9LDF
0-2: Strikes out swinging
Batting: RHB Dave Ein 0-0: Foul Ball, location: 2F
0-1: Called Strike
0-2: Strikes out swinging
Batting: RHB António González 0-0: Ball
1-0: Ground out 4-3 (Groundball, 4, EV 86.3 MPH)
Top of the 5th over - 0 runs, 0 hits, 0 errors, 0 left on base; San Diego 1 - Atlanta 1
BOTTOM OF THE 5TH
Atlanta Braves batting - Pitching for San Diego Padres : LHP Chae-seong Yi
Batting: RHB Ronald Baldwin 0-0: Called Strike
0-1: Fly out, F8 (Flyball, 89M, EV 93.8 MPH)
Batting: LHB Roberto Snyder 0-0: Ball
1-0: Swinging Strike
1-1: SINGLE (Line Drive, 78S, EV 87.5 MPH)
Batting: RHB Tyrone Evans 0-0: Called Strike
0-1: Fly out, F9 (Flyball, 9, EV 84.4 MPH)
Batting: RHB Francisco Vega 0-0: Reached on error, E5 (Groundball, 56S, EV 80.6 MPH)
Roberto Snyder to second
Batting: SHB Ramón Salinas 0-0: Ball
1-0: Ball
2-0: Ground out 6-3 (Groundball, 6MS, EV 66.9 MPH)
Bottom of the 5th over - 0 runs, 1 hit, 1 error, 2 left on base; San Diego 1 - Atlanta 1
TOP OF THE 6TH
San Diego Padres batting - Pitching for Atlanta Braves : RHP César Muñóz
Batting: RHB Jonathan Roehl 0-0: Called Strike
0-1: Ball
1-1: SINGLE (Groundball, 34D, EV 108.8 MPH)
Batting: LHB Raúl Valenzuela 0-0: Called Strike
0-1: Fielders Choice at 2nd, 4-6 (Groundball, 3, EV 79.4 MPH)
Batting: RHB Jorge Gonzáles 0-0: Called Strike
0-1: Fly out, F9 (Flyball, 9S, EV 73.8 MPH)
Batting: LHB Wook-jin Ki 0-0: Ball
1-0: Called Strike
1-1: Ball
2-1: Foul Ball, location: 3FF
2-2: Foul Ball, location: 2LF
2-2: Foul Ball, location: 9LSF
2-2: Foul Ball, location: 7LMF
2-2: Ball
3-2: Foul Ball, location: 3F
3-2: Base on Balls
Raúl Valenzuela to second
Pitching: LHP Tomás Macías
Batting: RHB Carlos Núñez 0-0: Swinging Strike
0-1: Swinging Strike
0-2: Foul Ball, location: 2F
0-2: Ball
1-2: Ball
2-2: Foul Ball, location: 9LDF
2-2: Foul Ball, location: 3F
2-2: Foul Ball, location: 2F
2-2: Foul Ball, location: 3F
2-2: Ball
3-2: Strikes out swinging
Top of the 6th over - 0 runs, 1 hit, 0 errors, 2 left on base; San Diego 1 - Atlanta 1
BOTTOM OF THE 6TH
Atlanta Braves batting - Pitching for San Diego Padres : LHP Chae-seong Yi
Batting: RHB Murai Kimura 0-0: Ball
1-0: Ball
2-0: Ball
3-0: Base on Balls
Batting: RHB David Miller 0-0: Foul Ball, location: 2F
0-1: Foul Ball, location: 2F
0-2: Ball
1-2: Foul Ball, location: 9LMF
1-2: Ball
2-2: Ball
3-2: TRIPLE (Line Drive, 7D, EV 103.1 MPH)
Murai Kimura scores
Pinch Runner at 3rd Paul Graham:
Batting: RHB Vince Gielens 0-0: Foul Ball, location: 3FF
0-1: Ball
1-1: Swinging Strike
1-2: Strikes out swinging
Batting: RHB Ray Boyer 0-0: Ball
1-0: Called Strike
1-1: Foul Ball, location: 2F
1-2: Foul Ball, location: 9LSF
1-2: Foul Ball, location: 3FF
1-2: Ball
2-2: Strikes out swinging
Batting: RHB Ronald Baldwin 0-0: Swinging Strike
0-1: Called Strike
0-2: Ball
1-2: Foul Ball, location: 25F
1-2: Strikes out swinging
Bottom of the 6th over - 1 run, 1 hit, 0 errors, 1 left on base; San Diego 1 - Atlanta 2
TOP OF THE 7TH
San Diego Padres batting - Pitching for Atlanta Braves : LHP Tomás Macías
Pitching: RHP Ju-il Kae
Now at 1B: Paul Graham
Now at 2B: Vince Gielens
Batting: RHB Marvin Stewart 0-0: Swinging Strike
0-1: Ball
1-1: Swinging Strike
1-2: Foul Ball, location: 25FF
1-2: Ball
2-2: Ball
3-2: Strikes out swinging
Pitching: RHP Vicente López
Batting: RHB Salvador Reyes 0-0: Swinging Strike
0-1: Swinging Strike
0-2: Ball
1-2: DOUBLE (Flyball, 78XD, EV 111.3 MPH) - OUT at third base trying to stretch hit.
Batting: RHB Dave Ein 0-0: Ball
1-0: Foul Ball, location: 2F
1-1: Foul Ball, location: 2F
1-2: Fly out, F7 (Flyball, 7, EV 90.0 MPH)
Top of the 7th over - 0 runs, 1 hit, 0 errors, 0 left on base; San Diego 1 - Atlanta 2
BOTTOM OF THE 7TH
Atlanta Braves batting - Pitching for San Diego Padres : LHP Chae-seong Yi
Batting: LHB Roberto Snyder 0-0: Called Strike
0-1: Foul Ball, location: 9LDF
0-2: Foul Ball, location: 2F
0-2: Ball
1-2: Hit by Pitch
Batting: RHB Tyrone Evans 0-0: Called Strike
0-1: Ball
1-1: DOUBLE (Line Drive, 5D, EV 103.8 MPH)
Roberto Snyder to third
Runner from 3rd tries for Home, SAFE, no throw by LF
Batting: RHB Francisco Vega 0-0: Ball
1-0: Ball
2-0: Called Strike
2-1: Ground out 6-3 (Groundball, P, EV 80.0 MPH)
Tyrone Evans to third
Pitching: RHP Travis Chacón
Batting: SHB Ramón Salinas 0-0: Ball
1-0: Fly out, F7 (Flyball, 7LM, EV 110.0 MPH)
Runner from 3rd tags up, OUT at HOME! 7-2
Bottom of the 7th over - 1 run, 1 hit, 0 errors, 0 left on base; San Diego 1 - Atlanta 3
TOP OF THE 8TH
San Diego Padres batting - Pitching for Atlanta Braves : RHP Vicente López
Batting: RHB António González 0-0: Ball
1-0: Called Strike
1-1: Foul Ball, location: 2F
1-2: SINGLE (Line Drive, 4D, EV 100.6 MPH)
Batting: RHB Jonathan Roehl 0-0: Fly out, F8 (Flyball, 8RXD, EV 108.8 MPH)
Pitching: LHP António Hernández
Pinch Hitting: RHB Pablo Amador 0-0: Ball
1-0: Foul Ball, location: 2F
1-1: Fly out, F8 (Flyball, 8RM, EV 81.9 MPH)
Pitching: LHP Kosaku Ono
Batting: RHB Jorge Gonzáles 0-0: Ball
1-0: SINGLE (Groundball, 6MD, EV 100.6 MPH)
António González to second
Runner from 2nd tries for 3rd, SAFE, no throw by CF
Pinch Hitting: RHB Luis Villa 0-0: Ball
1-0: Called Strike
1-1: Called Strike
1-2: Fly out, F4 (Popup, 4M, EV 58.1 MPH)
Top of the 8th over - 0 runs, 2 hits, 0 errors, 2 left on base; San Diego 1 - Atlanta 3
BOTTOM OF THE 8TH
Atlanta Braves batting - Pitching for San Diego Padres : RHP Travis Chacón
Now in LF: Luis Villa
Now in RF: Iwao Sato
Batting: RHB Murai Kimura 0-0: Foul Ball, location: 2F
0-1: Ball
1-1: Ball
2-1: Swinging Strike
2-2: Ball
3-2: Ground out 6-3 (Groundball, 6M, EV 89.4 MPH)
Batting: LHB Paul Graham 0-0: Ball
1-0: Ball
2-0: Foul Ball, location: 5SF
2-1: Ball
3-1: Base on Balls
Batting: RHB Vince Gielens 0-0: Called Strike
0-1: Called Strike
0-2: Ball
1-2: Ball
2-2: Foul Ball, location: 23F
2-2: Ball
3-2: Foul Ball, location: 2LF
3-2: Foul Ball, location: 9LSF
3-2: Strikes out swinging
Batting: RHB Ray Boyer 0-0: Called Strike
0-1: Foul Ball, location: 2F
0-2: Ball
1-2: DOUBLE (Flyball, 9LD, EV 109.4 MPH)
Paul Graham to third
Batting: RHB Ronald Baldwin 0-0: Ground out U3 (Groundball, 3L, EV 97.5 MPH)
Bottom of the 8th over - 0 runs, 1 hit, 0 errors, 2 left on base; San Diego 1 - Atlanta 3
TOP OF THE 9TH
San Diego Padres batting - Pitching for Atlanta Braves : LHP Kosaku Ono
Batting: RHB Carlos Núñez 0-0: Called Strike
0-1: Ball
1-1: SOLO HOME RUN (Flyball, 9D, EV 95.6 MPH), Distance : 365 ft
Batting: RHB Marvin Stewart 0-0: Called Strike
0-1: Swinging Strike
0-2: Strikes out swinging
Batting: RHB Salvador Reyes 0-0: Fly out, F4 (Popup, 4, EV 75.0 MPH)
Pinch Hitting: LHB Ed Randall 0-0: Ball
1-0: Swinging Strike
1-1: Foul Ball, location: 2F
1-2: Fly out, F7 (Flyball, 7D, EV 96.9 MPH)
Top of the 9th over - 1 run, 1 hit, 0 errors, 0 left on base; San Diego 2 - Atlanta 3
Thursday, May 2nd , 2024 - OOTP Baseball 24.10 Build 82